 Dungeon Crawl Stone Soup version 0.25-a0-734-g73332aeda9 (console) character file.

Game seed: 3891495200610599116, levelgen mode: deterministic

2195 ting the Protected (level 9, -6/99 HPs)
             Began as a Barachi Fighter on Apr 9, 2020.
             Was a Follower of Cheibriados.
             Mangled by a hornet (10 damage)
             ... on level 8 of the Dungeon on Apr 10, 2020.
             The game lasted 01:15:30 (7657 turns).

ting the Protected (Barachi Fighter)                Turns: 7657, Time: 01:15:30

Health: -6/99      AC: 11    Str: 27    XL:     9   Next: 34%
Magic:  9/9        EV:  8    Int: 11    God:    Cheibriados [*.....]
Gold:   377        SH:  0    Dex: 14    Spells: 8/8 levels left

rFire    . . .     SeeInvis +   C - +0 scimitar
rCold    . . .     Gourm    .   (no shield)
rNeg     . . .     Faith    .   u - +0 chain mail
rPois    .         Spirit   .   (no helmet)
rElec    .         Reflect  .   (no cloak)
rCorr    .         Harm     .   (no gloves)
MR       .....     Clarity  +   (no boots)
Stlth    ..........             r - amulet of the acrobat
HPRegen  0.26/turn              h - ring of see invisible
MPRegen  0.11/turn              (no ring)

@: berserking, lethally poisoned (-6 -> -34), slowed, very slow
A: +LOS, swims, clarity, frail 1, slowness 1, strong 1, MP-powered wands, strong
legs 1
a: Hop, Bend Time, Renounce Religion


   Skills:
 + Level 8.0 Fighting
 + Level 7.5 Long Blades
 - Level 3.5 Throwing
 - Level 9.9 Armour
 - Level 3.2 Shields


You had 8 spell levels left.
You didn't know any spells.
Your spell library was empty.


Innate Abilities, Weirdness & Mutations

You can be seen from farther away. (+LOS)
You can swim through water.
You cover ground slowly.
You can hop short distances.
You possess an exceptional clarity of mind.
You are frail. (-10% HP)
Your muscles are strong. (Str +2)
You expend magic power (3 MP) to strengthen your wands.

Inventory:

Hand Weapons
 x - the +1 short sword "Gura Bitt" {vamp, rElec rPois rC+ Str+4}
   (You found it on level 5 of the Dungeon)

   It inflicts no extra harm, but heals its wielder when it wounds a living foe.
   It affects your strength (+4).
   It protects you from cold.
   It insulates you from electricity.
   It protects you from poison.
 C - a +0 scimitar (weapon)
 I - a +2 dagger of venom
Missiles
 e - 112 stones (quivered)
 n - 12 poisoned darts
 A - 3 boomerangs
Armour
 c - a +0 kite shield
 u - a +0 chain mail (worn)
Jewellery
 h - a ring of see invisible (left hand)
 r - an amulet of the acrobat (around neck)
 v - an uncursed ring of teleportation
 z - an uncursed ring of positive energy {unknown}
 E - an uncursed ring of wizardry
 G - an uncursed ring of protection from fire {unknown}
Wands
 F - a wand of scattershot (8)
Scrolls
 a - a scroll of amnesia {unknown}
 b - 3 scrolls of remove curse
 i - 4 scrolls of identify
 l - 4 scrolls of teleportation
 t - a scroll of fear
 w - a scroll of enchant armour {unknown}
 y - a scroll of enchant weapon {unknown}
Potions
 d - 2 potions of might
 g - 2 potions of heal wounds
 j - a potion of mutation
 k - a potion of berserk rage
 m - a potion of invisibility {unknown}
 o - 3 potions of curing {unknown}
 p - 2 potions of brilliance {unknown}
 q - a potion of cancellation {unknown}
 s - a potion of haste {unknown}
 B - a potion of lignification {unknown}
 D - a potion of stabbing {unknown}
Comestibles
 f - 14 rations

............#.####
......##### #.#
.....## #.# ......#
#.# ......### #.#
....#....# #.#
###.......###.#
#.##.#...##.######
#.##..........☹..#
#.# ##.......y.# #.#
####..##..#####
###..## #####......#
.....# #......#
#..####### #......#
#..).....#####......#
##.#####............#
# #)# #######......#


You could see a hornet.


Message History

I - a +2 dagger of venom
Things that are here:
a +0 dagger; an orc skeleton You see here a +0 giant club.
Found a ration.
A crimson imp comes into view.
The crimson imp shouts!
Found 8 gold pieces.
A crimson imp is nearby!
You barely miss the crimson imp.
The crimson imp hits you but does no damage.
You slash the crimson imp!
You kill the crimson imp!
Cheibriados appreciates the change of pace.
Found a stone staircase leading down.
f - 14 rations (gained 1)
You now have 377 gold pieces (gained 8).
All of the chunks of flesh in your inventory have rotted away.
There is a stone staircase leading down here.
You climb downwards.
Level annotation: Maurice A hornet comes into view.
The hornet buzzes angrily.
The hornet stings you!
You are poisoned.
You feel yourself slow down. The hornet misses you.
There is a stone staircase leading up, spattered with blood here.
You feel yourself speed up.
You feel sick. The hornet completely misses you.
The hornet stings you but does no damage. x2
You climb upwards.
You feel sick.
There is a stone staircase leading down here.
You closely miss the hornet.
The hornet stings you but does no damage.
You barely miss the hornet. The hornet closely misses you.
The hornet stings you.
You are more poisoned.
You feel yourself slow down.
You miss the hornet.
You feel sick.
The hornet stings you but does no damage.
The hornet closely misses you.
You slash the hornet!
The hornet is moderately wounded.
You feel sick. The hornet closely misses you.
You riposte.
You barely miss the hornet.
The hornet is moderately wounded.
The hornet stings you!
You are more poisoned.
You suddenly lose the ability to move!
You feel yourself speed up.
You feel sick. The hornet stings you!
* * * LOW HITPOINT WARNING * * *
You feel yourself slow down.
The hornet stings you but does no damage.
You feel sick. The hornet barely misses you.
You can move again.
You feel much better.
You feel yourself speed up.
You feel sick. The hornet stings you.
You feel yourself slow down. The hornet stings you.
You feel as though you will be slow longer.
You completely miss the hornet.
The hornet is moderately wounded.
You feel sick.
The hornet stings you but does no damage.
The hornet stings you.
You are more poisoned.
You feel as though you will be slow longer.
The hornet stings you.
* * * LOW HITPOINT WARNING * * *
You feel as though you will be slow longer.
It was a potion of mutation.
You feel extremely strange.
You feel your magical essence link to the dungeon's wands.
You feel frail.
Your thoughts seem clearer.
You feel stronger.
You feel sick. The hornet stings you.
* * * LOW HITPOINT WARNING * * *
You are lethally poisoned!
You feel as though you will be slow longer.
The hornet stings you but does no damage.
It was a potion of berserk rage.
A red film seems to cover your vision as you go berserk!
Cheibriados protects you from inadvertent hurry.
You feel mighty!
You feel very sick. The hornet stings you!
* * * LOW HITPOINT WARNING * * *
You feel as though you will be slow longer.
The hornet stings you!
* * * LOW HITPOINT WARNING * * *
You are more poisoned.
You feel as though you will be slow longer.
You barely miss the hornet.
The hornet is lightly wounded.
* * * LOW HITPOINT WARNING * * *
You feel very sick. The hornet stings you!
* * * LOW HITPOINT WARNING * * *
You feel as though you will be slow longer.
The hornet stings you!
You die...

Dungeon Overview and Level Annotations

Branches:
Dungeon (9/15)             Temple (1/1) D:6            Lair (0/6) D:8
    Orc: D:9-12

Altars:
Ashenzari
Cheibriados
Dithmenos
Elyvilon
Fedhas
Gozag
Hepliaklqana
Kikubaaqudgha
Makhleb
Nemelex Xobeh
Okawaru
Qazlal
Ru
Sif Muna
Trog
Uskayaw
Vehumet
Wu Jian
Xom
Yredelemnul
Zin
The Shining One

Shops:
D:5 [

Annotations:
D:4 Menkaure, Sigmund
D:6 1 runed translucent door, 1 exclusion, karf's ghost, novice DEEE
D:7 3 runed translucent doors, 2 exclusions, balackLT's ghost, novice GrEE
D:9 Maurice

Notes
Turn   | Place    | Note
-------+----------+-------------------------------------------
     0 | D:1      | ting the Barachi Fighter began the quest for the Orb.
     0 | D:1      | Reached XP level 1. HP: 18/18 MP: 1/1
    32 | D:1      | You fall into a shaft and drop 1 floor!
   212 | D:2      | Reached XP level 2. HP: 20/24 MP: 2/2
   452 | D:1      | Reached XP level 3. HP: 29/29 MP: 3/3
  1052 | D:2      | Reached skill level 1 in Throwing
  1178 | D:2      | Reached XP level 4. HP: 32/37 MP: 4/4
  1743 | D:3      | Reached skill level 4 in Armour
  2165 | D:3      | Reached skill level 5 in Long Blades
  2165 | D:3      | Reached XP level 5. HP: 29/42 MP: 5/5
  3110 | D:4      | Noticed Menkaure
  3127 | D:3      | Reached XP level 6. HP: 37/48 MP: 6/6
  3405 | D:4      | Noticed Sigmund
  3475 | D:5      | Entered Level 5 of the Dungeon
  3566 | D:5      | Noticed a sky beast
  3577 | D:5      | Killed a sky beast
  3764 | D:5      | Got an ichor-stained short sword
  3765 | D:5      | Identified the cursed +1 short sword "Gura Bitt" {vamp,
                  | rElec rPois rC+ Str+4} (You found it on level 5 of the
                  | Dungeon)
  3885 | D:5      | Reached skill level 5 in Fighting
  4332 | D:5      | Found Nuul's Antique Armour Shoppe.
  4580 | D:6      | Noticed a phantom
  4626 | D:5      | Killed a phantom
  4626 | D:5      | Reached XP level 7. HP: 52/57 MP: 7/7
  4687 | D:6      | Found a shimmering blue altar of Sif Muna.
  4716 | D:6      | Found a staircase to the Ecumenical Temple.
  4751 | Temple   | Entered the Ecumenical Temple
  4809 | Temple   | Became a worshipper of Cheibriados the Contemplative
  4939 | D:5      | Upgraded the game from 0.25-a0-731-g0472a16d6a to
                  | 0.25-a0-734-g73332aeda9
  5122 | D:6      | Reached skill level 5 in Armour
  5233 | D:6      | Reached skill level 6 in Armour
  5309 | D:6      | Reached XP level 8. HP: 50/65 MP: 8/8
  5482 | D:6      | Found a runed translucent door.
  5483 | D:6      | Noticed karf's ghost (novice DEEE)
  5584 | D:6      | Found a glowing silver altar of Zin.
  5584 | D:6      | Found an iron altar of Okawaru.
  5585 | D:6      | Found an opulent altar of Gozag.
  5585 | D:6      | Found a glowing golden altar of the Shining One.
  5594 | D:6      | Found a shimmering altar of Xom.
  5594 | D:6      | Found a blossoming altar of Fedhas.
  5667 | D:7      | Found a runed translucent gate.
  5706 | D:7      | Reached skill level 7 in Armour
  5837 | D:7      | Reached skill level 8 in Armour
  6005 | D:7      | Reached skill level 9 in Armour
  6344 | D:7      | Reached * piety under Cheibriados
  6520 | D:7      | Reached XP level 9. HP: 67/70 MP: 9/9
  6634 | D:7      | Found a runed translucent gate.
  6634 | D:7      | Found a runed translucent gate.
  6634 | D:7      | Noticed balackLT's ghost (novice GrEE)
  7260 | D:8      | Found a hide-covered altar of Uskayaw.
  7270 | D:8      | Found a staircase to the Lair.
  7329 | D:9      | Noticed Maurice
  7644 | D:9      | Noticed a hornet
  7650 | D:8      | Paralysed by a hornet for 3 turns
  7655 | D:8      | Gained mutation: You expend magic power (3 MP) to
                  | strengthen your wands. [potion of mutation]
  7655 | D:8      | Gained mutation: You are frail. (-10% HP) [potion of
                  | mutation]
  7655 | D:8      | Gained mutation: You possess an exceptional clarity of
                  | mind. [potion of mutation]
  7655 | D:8      | Gained mutation: Your muscles are strong. (Str +2) [potion
                  | of mutation]
  7657 | D:8      | HP: 4/99 [hornet (13)]
  7657 | D:8      | Mangled by a hornet

Levels and vault maps discovered:
D:1:      roderic_chinese_lattice_arrival, layout_basic, fountainhead
D:2:      layout_loops_corners
D:3:      layout_loops_cross, first_ration, minivault_11
D:4:      layout_basic, uniq_sigmund, uniq_menkaure
D:5:      layout_loops_corners, serial_shops, nicolae_shop_trees
D:6:      layout_cave_pools, minmay_overflow_temple_hex,
          minmay_temple_entry_mini_moons, ebering_ghost_reflecting_pool,
          basic_altar
D:7:      layout_loops_ring, gammafunk_ghost_nasty_kobolds
D:8:      layout_rooms, lair_entry_dummy, basic_altar
D:9:      layout_basic, led_sif_pool, uniq_erolcha, uniq_maurice, uniq_harold
Temple:   eino_wide_crystal_templ

Vanquished Creatures
  A hungry ghost (D:7)
  A water moccasin (D:7)
  A black bear (D:7)
  3 ice beasts (D:6 D:7 D:8)
  3 sky beasts (D:5 D:7)
  2 ogres (D:7 D:8)
  2 phantoms (D:5 D:6)
  A necrophage (D:7)
  A centaur (D:8)
  A big kobold (D:8)
  A howler monkey (D:3)
  A bullfrog zombie (D:7)
  6 crimson imps (Temple D:6 D:8)
  A bullfrog skeleton (D:5)
  An iguana (D:3)
  An orc wizard (D:8)
  7 worker ants (D:4 D:3 D:5 D:6 D:7)
  7 gnolls (D:2 D:3 D:7)
  4 adders (D:2 D:5)
  An ooze (D:3)
  An adder skeleton (D:6)
  An adder zombie (D:5)
  3 worms (D:2 D:3)
  2 dart slugs (D:1)
  5 leopard geckos (D:3 D:4 D:5 D:6)
  18 orcs (D:3 D:5 D:7 D:8)
  A ball python (D:3)
  3 bats (D:1 D:3)
  8 giant cockroaches (D:1 D:2 D:3 D:7)
  5 goblins (D:2 D:1 D:3)
  10 hobgoblins (D:1 D:2)
  6 kobolds (D:2 D:3 D:8)
  2 quokkas (D:4 D:7)
  7 frilled lizards (D:2 D:1 D:3)
  A leopard gecko skeleton (D:6)
  A quokka skeleton (D:4)
  6 rats (D:1 D:3)
126 creatures vanquished.

Vanquished Creatures (others)
  A fungus (D:7)
  3 plants (D:7)
4 creatures vanquished.

Grand Total: 130 creatures vanquished

Action                   |  1- 3 |  4- 6 |  7- 9 || total
-------------------------+-------+-------+-------++-------
Melee: Long sword        |    91 |   153 |       ||   244
       Short sword       |       |    59 |    13 ||    72
       Falchion          |       |    15 |   154 ||   169
       Scimitar          |       |       |    80 ||    80
Throw: Stone             |    14 |    81 |    53 ||   148
       Dart              |     2 |     9 |     1 ||    12
 Abil: Hop               |       |       |     2 ||     2
  Use: Scroll            |       |     7 |     2 ||     9
       Potion            |       |     2 |     3 ||     5
  Eat: Chunk             |     1 |    12 |     6 ||    19
       Ration            |       |       |     2 ||     2
Armor: Scale mail        |    21 |    29 |       ||    50
       Chain mail        |       |    46 |   118 ||   164
Dodge: Dodged            |    27 |    52 |    98 ||   177
Block: Kite shield       |    37 |   106 |    23 ||   166
       Rpst.: Long sword |     6 |    13 |       ||    19
       Falchion          |       |       |    14 ||    14
       Scimitar          |       |       |    12 ||    12

Table legend:
 A = Turns spent in this place as a percentage of turns spent in the entire game.
 B = Non-inter-level travel turns spent in this place as a percentage of non-inter-level travel turns spent in the entire game.
 C = Inter-level travel turns spent in this place as a percentage of turns spent in this place.
 D = Turns resting spent in this place as a percentage of non-inter-level travel turns spent in this place.
 E = Turns spent auto-exploring this place as a percentage of non-inter-level travel turns spent in this place.
 F = Non-inter-level travel turns spent in this place divided by the number of levels of this place that you've seen.
                   A       B       C       D       E      F
               +-------+-------+-------+-------+-------+----------------------
         Total | 100.0 | 100.0 |   7.3 |  29.2 |  43.8 | 710.1
       Dungeon |  99.0 |  99.1 |   7.2 |  29.4 |  43.6 | 781.7
        Temple |   1.0 |   0.9 |  10.8 |   9.1 |  63.6 |  66.0
               +-------+-------+-------+-------+-------+----------------------

Table legend:
 A = Kills in this place as a percentage of kills in entire the game.
 B = Kills by you in this place as a percentage of kills by you in the entire game.
 C = Kills by friends in this place as a percentage of kills by friends in the entire game.
 D = Other kills in this place as a percentage of other kills in the entire game.
 E = Experience gained in this place as a percentage of experience gained in the entire game.
 F = Experience gained in this place divided by the number of levels of this place that you have seen.
                   A       B       C       D       E      F
               +-------+-------+-------+-------+-------+----------------------
         Total | 100.0 | 100.0 |   N/A |   N/A | 100.0 | 313.6
       Dungeon |  99.2 |  99.2 |   N/A |   N/A |  98.5 | 343.3
        Temple |   0.8 |   0.8 |   N/A |   N/A |   1.5 |  46.0
               +-------+-------+-------+-------+-------+----------------------
